Map: Ever Dream LE

Players

Trap - Winner!

  • Race: Protoss Protoss
  • League: Master
  • Spawn Location: 7:00

Astrea

  • Race: Protoss Protoss
  • League: Master
  • Spawn Location: 1:00

Event: DreamHack SC2 Masters 2020 Fall

VOD

Have the link to the VOD?

Description

Time

  • Played on: Sept. 15, 2020, 10:19 a.m.
  • Length: 5:08
Show
View Real Time Build Order
Export as new Build Order

Trap Protoss - Winner!

Build Orders:  

Get SALT Encoding   

  12  0:00  Probe  
  13  0:12  Probe  
  14  0:17  Pylon  
  14  0:24  Probe (Chrono Boost)  
  15  0:36  Probe (Chrono Boost)  
  15  0:38  Gateway  
  16  0:45  Probe (Chrono Boost)  
  17  0:50  Probe  
  18  1:00  Assimilator  
  18  1:03  Probe  
  19  1:15  Probe  
  20  1:19  Assimilator  
  20  1:20  Pylon  
  20  1:23  Zealot (Chrono Boost)  
  22  1:26  Cybernetics Core  
  22  1:30  Probe  
  23  1:42  Probe  
  26  1:54  Probe  
  25  2:02  Adept (Chrono Boost)  
  25  2:06  Probe  
  25  2:07  Stargate  
  28  2:19  Probe  
  28  2:21  Pylon  
  29  2:23  Adept (Chrono Boost)  
  31  2:42  Warp Gate  
  31  2:43  Probe  
  32  2:52  Void Ray, Stalker  
  34  3:02  Shield Battery  
  38  3:20  Nexus  
  36  3:29  Void Ray (Chrono Boost)  
  36  3:34  Probe  
  39  3:41  Pylon  
  39  3:48  Robotics Facility  
  39  3:56  Gateway  
  39  4:09  Void Ray  
  39  4:16  Probe  
  44  4:23  Gateway  
  44  4:30  Probe, Stalker  
  47  4:34  Probe  
  48  4:40  Shield Battery  
  48  4:53  Pylon  
  50  5:02  Stalker  
Show
View Real Time Build Order
Export as new Build Order

Astrea Protoss 

Build Orders:  

Get SALT Encoding   

  12  0:00  Probe  
  13  0:12  Probe  
  14  0:24  Probe  
  15  0:35  Pylon  
  15  0:54  Probe (Chrono Boost)  
  15  0:55  Gateway  
  15  1:01  Assimilator  
  16  1:04  Assimilator  
  16  1:05  Probe (Chrono Boost)  
  16  1:09  Pylon  
  16  1:10  Probe (Chrono Boost)  
  17  1:20  Probe (Chrono Boost)  
  18  1:30  Probe (Chrono Boost)  
  19  1:34  Probe (Chrono Boost)  
  20  1:44  Cybernetics Core  
  20  1:46  Probe  
  23  1:51  Pylon  
  21  1:56  Gateway  
  21  1:58  Probe  
  22  2:10  Probe  
  23  2:23  Probe  
  23  2:24  Pylon  
  24  2:32  Warp Gate (Chrono Boost)  
  24  2:35  Probe  
  24  2:36  Pylon  
  25  2:40  Stalker (Chrono Boost)  
  27  2:47  Probe  
  30  2:53  Stalker (Chrono Boost)  
  30  2:58  Gateway  
  30  3:02  Pylon  
  30  3:09  Stargate  
  30  3:14  Probe  
  30  3:17  Pylon  
  30  3:28  Probe  
  30  3:41  Probe  
  31  3:46  Void Ray (Chrono Boost)  
  31  3:48  Shield Battery  
  31  3:52  Shield Battery  
  31  3:54  Probe  
  32  4:06  Probe  
  32  4:13  Stalker x2  
  33  4:25  Void Ray (Chrono Boost)  
  33  4:28  Pylon  
  35  4:47  Adept x2  

Tags
 
Add a new tag
Caveats
  • Supply blocks, unpowered buildings, or Contaminate may cause inaccurate times.
  • Supply counts are checked every 10 seconds.